 Dungeon Crawl Stone Soup version 0.29.1-15-g9cfb28693d (webtiles) character file.

Game seed: 14840592422669169514

28 babellerogue the Slasher (level 3, -2/30 HPs)
             Began as a Minotaur Gladiator on Apr 17, 2023.
             Slain by a goblin
             ... wielding a +0 dagger
             ... led by Robin
              (3 damage)
             ... on level 2 of the Dungeon on May 5, 2023.
             The game lasted 00:14:03 (1103 turns).

babellerogue the Slasher (Minotaur Gladiator)       Turns: 1103, Time: 00:14:04

Health: -2/30      AC:  3    Str: 20    XL:     3   Next: 0%
Magic:  2/2        EV: 12    Int:  5    God:
Gold:   17         SH:  0    Dex: 11    Spells: 2/2 levels left

rFire   + . .      SeeInvis .   a - +0 long sword
rCold   + . .      Faith    .   (no shield)
rNeg    . . .      Spirit   .   p - +0 leather armour
rPois   +          Reflect  .   c - +0 hat
rElec   +          Harm     .   (no cloak)
rCorr   +          Rampage  .   (no gloves)
Will    .....                   (no boots)
Stlth   +.........              (no amulet)
HPRegen 0.10/turn               (no ring)
MPRegen 0.08/turn               (no ring)

@: resistant
A: horns 2, retaliatory headbutt
a: no special abilities


You were on level 2 of the Dungeon.
You visited 1 branch of the dungeon, and saw 2 of its levels.

You collected 17 gold pieces.

Inventory:

Hand Weapons
 a - a +0 long sword (weapon)
Missiles
 d - 3 throwing nets (quivered)
 e - a javelin
 l - 3 stones
Armour
 c - a +0 hat (worn)
 p - a +0 leather armour (worn)
Scrolls
 b - a scroll of poison {unknown}
 f - a scroll of identify
 h - a scroll of teleportation {unknown}
 i - a scroll of brand weapon
 o - a scroll of noise {unknown}
Potions
 k - a potion of mutation {unknown}
 m - a potion of ambrosia {unknown}
 n - a potion of haste {unknown}


   Skills:
 + Level 2.6 Fighting
 * Level 4.7 Long Blades
 + Level 2.0 Throwing
 + Level 0.1 Armour
 + Level 3.5 Dodging


You had 2 spell levels left.
You didn't know any spells.
Your spell library was empty.

Dungeon Overview and Level Annotations

Branches:
Dungeon (2/15)

Altars:

Shops:
D:1 *([[


Innate Abilities, Weirdness & Mutations

You have a pair of horns on your head.
You reflexively headbutt those who attack you in melee.


Message History

You closely miss the goblin. Your headbutt misses the goblin.
A goblin comes into view. It is wielding a +0 dagger.
The goblin barely misses you.
Robin roars a battlecry!
The goblin shouts!
You hear a shout!
A goblin comes into view. It is wielding a +0 dagger.
The goblin completely misses you. The goblin hits you but does no damage.
The goblin attacks as you move away! The goblin closely misses you.
A goblin comes into view. It is wielding a +0 club.
Robin throws the goblin at you! The goblin hits you with a +0 dagger.
Robin hits you with a +0 spear.
You see here 5 stones.
You slash Robin!
Robin is severely wounded.
The goblin hits you with a +0 club. The goblin hits you with a +0 dagger.
Robin roars a battlecry!
The goblin goes into a battle-frenzy!
You hit Robin.
Robin is almost dead.
The goblin hits you with a +0 club. x2
* * * LOW HITPOINT WARNING * * *
Robin hits you with a +0 spear.
* * * LOW HITPOINT WARNING * * *
You hit Robin.
You kill Robin!
The goblin closely misses you.
A goblin comes into view. It is wielding a +0 dagger.
The goblin closely misses you. You furiously retaliate!
You headbutt the goblin. The goblin closely misses you.
The goblin completely misses you.
You have reached level 3!
Your experience leads to an increase in your attributes!
Increase (S)trength, (I)ntelligence, or (D)exterity?
You feel stronger. x2
You slash the goblin!
You kill the goblin!
The goblin hits you with a +0 dagger.
* * * LOW HITPOINT WARNING * * *
The goblin misses you. The goblin hits you with a +0 dagger.
You die...

#.# #.# #.# .g#
#g# #g# ##g##
#g@g# #g).#
#...#
#####..<#####
###...........#.
.......[........
###...........#.
#####...#####
#...#


You could see 7 goblins.

Vanquished Creatures
  Robin (D:2)
  A bat (D:1)
  4 endoplasms
  3 goblins
  2 hobgoblins (D:1)
  A quokka (D:1)
  A frilled lizard (D:1)
  4 rats
  A spectral goblin (D:1)
18 creatures vanquished.

Notes
Turn   | Place    | Note
-------+----------+-------------------------------------------
     0 | D:1      | babellerogue the Minotaur Gladiator began the quest for the
                  | Orb.
     0 | D:1      | Reached XP level 1. HP: 18/18 MP: 0/0
    30 | D:1      | Found Ziaps's General Store.
   164 | D:1      | Found Gamp's Antique Weapon Shop.
   185 | D:1      | Found Araig's Antique Armour Emporium.
   231 | D:1      | Found a faded altar of an unknown god.
   372 | D:1      | Reached skill level 4 in Long Blades
   509 | D:1      | Reached XP level 2. HP: 25/25 MP: 1/1
   943 | D:1      | Found Deeduot's Armour Shop.
  1092 | D:2      | Noticed Robin
  1101 | D:2      | HP: 1/25 [Robin/+0 spear (3)]
  1102 | D:2      | Killed Robin
  1103 | D:2      | Reached XP level 3. HP: 2/30 MP: 2/2
  1103 | D:2      | Slain by a goblin

Illustrated notes

Levels and vault maps discovered:
D:1:      minmay_arrival_four_houses, layout_loops_corners, serial_shops, shop,
          nicolae_shop_behind_doors, nicolae_shop_stone, nicolae_shop_crystal,
          shop, dreamdust_ecumenical_altar_drowned_temple, roderic_malta_cross
D:2:      layout_loops_cross, serial_shops, shop, small_statue_intersection,
          uniq_robin, uniq_jessica, uniq_terence

Skill      XL: |  1 |
---------------+----+-----
Long Blades    | 4 |  4.7
Fighting       | |  2.6
Throwing       | |  2.0
Armour         | |  0.1
Dodging        | |  3.5

Action                   || total
-------------------------++-------
Melee: Long sword        ||    34
  Use: Potion            ||     4
       Scroll            ||     1
 Stab: Sleeping          ||     2
Armor: Leather armour    ||     8
Dodge: Dodged            ||    25
